Get step-by-step instructions on how to execute this build order below. Start the game timer, and the build order will tick by so you can play in parallel with StarCraft on a second screen or mobile device.

Game Time

  0:00

Last Step

  N/A

Next Step

Upcoming Step



Don't want to look back and forth between 2 screens? Try out our Overwolf App, the Spawning Tool Build Advisor to get an in-game overlay with this build!

Complete Build Order

  12  0:03  Drone  
  13  0:12  Drone  
  14  0:18  Overlord  
  14  0:34  Spawning Pool  
  13  0:39  Drone  
  13  0:42  Drone  
  15  0:45  Drone  
  16  1:01  Drone  
  17  1:05  Drone  
  18  1:15  Drone  
  19  1:23  Queen  
  21  1:36  Hatchery  
  20  1:40  Zergling x4  
  22  1:49  Overlord  
  22  2:08  Drone  
  22  2:11  Hatchery, Overlord  
  22  2:19  Drone, Extractor  
  22  2:32  Drone  
  22  2:35  Extractor  
  21  2:56  Drone x2  
  23  3:08  Drone  
  23  3:09  Queen  
  26  3:13  Drone x5  
  31  3:22  Evolution Chamber  
  31  3:27  Evolution Chamber  
  29  3:29  Drone  
  29  3:33  Spine Crawler, Queen  
  31  3:38  Zergling x4  
  32  4:02  Metabolic Boost  
  32  4:05  Baneling Nest  
  32  4:06  Zergling x4  
  32  4:07  Zergling x6  
  36  4:16  Zerg Ground Armor Level 1  
  36  4:23  Zergling x4  
  36  4:24  Zergling x2  
  39  4:30  Drone x2  
  41  4:35  Drone  
  41  4:36  Drone  
  43  4:42  Drone x2  
  45  4:51  Baneling x5  
  45  4:52  Baneling  
  45  4:55  Drone x2  
  47  5:01  Drone  
  47  5:02  Drone  
  47  5:05  Drone  
  50  5:07  Overlord  
  50  5:14  Zerg Melee Weapons Level 1  
  50  5:17  Overlord  
  50  5:22  Overlord  
  50  5:31  Drone  
  50  5:32  Drone x3  
  50  5:33  Drone x2  
  50  5:34  Drone  
  57  5:44  Drone, Extractor  
  57  5:45  Drone x3  
  57  5:49  Extractor  
  59  6:01  Zergling x10  
  59  6:02  Zergling x6  
  67  6:05  Drone x3  
  70  6:21  Zergling x8  
  70  6:23  Overlord x4  
  74  6:30  Baneling x4  
  74  6:31  Baneling x4  
  74  6:34  Overlord  
  62  7:38  Spore Crawler  
  62  7:41  Spore Crawler  
  62  7:43  Spore Crawler  
  53  7:45  Spore Crawler  
  53  7:49  Lair  
  52  7:51  Spore Crawler  
  52  7:54  Spore Crawler  
  52  7:56  Spore Crawler  
  49  8:01  Spore Crawler  
  49  8:02  Spore Crawler  
  49  8:04  Spore Crawler  
  46  8:10  Spore Crawler  
  39  8:49  Hydralisk Den  
  39  8:53  Spore Crawler  
  32  9:02  Zergling x4  
  34  9:03  Zergling x8  
  38  9:20  Spore Crawler  
  38  9:21  Hydralisk  
  38  9:22  Hydralisk  
  41  9:28  Baneling  
  41  9:29  Baneling x6  
  41  9:30  Baneling  
  41  9:38  Queen  
  39  9:44  Hydralisk x3  
  39  9:45  Hydralisk x3  
  52  10:08  Hydralisk x2  
  52  10:09  Hydralisk x5  
  52  10:11  Drone  
  52  10:14  Queen  
  69  10:21  Hydralisk  
  69  10:25  Hydralisk x4  
  79  10:37  Muscular Augments  
  79  11:04  Hatchery  
  57  11:13  Hydralisk x4  
  57  11:14  Hydralisk x5  
  57  11:16  Overlord x3  
  75  11:31  Overlord x2  
  75  11:57  Drone x2  
  75  12:01  Drone  
  78  12:04  Drone  
  79  12:13  Hatchery  
  78  12:18  Drone  
  79  12:23  Evolution Chamber  
  79  12:26  Evolution Chamber  
  79  12:27  Drone  
  79  12:28  Drone  
  79  12:38  Drone  
  79  12:39  Drone  
  79  12:40  Drone  
  79  12:42  Lurker Den  
  79  12:43  Drone  
  83  12:46  Drone  
  84  13:00  Drone  
  84  13:01  Drone  
  86  13:32  Hydralisk x3  
  86  13:33  Hydralisk x6  
  104  13:43  Spore Crawler  
  104  13:45  Spore Crawler  
  102  13:48  Spore Crawler  
  102  13:50  Spore Crawler  
  102  13:53  Zergling x6  
  103  14:00  Spore Crawler  
  102  14:03  Spore Crawler  
  102  14:05  Drone x2  
  103  14:10  Lurker  
  103  14:11  Lurker  
  103  14:14  Lurker  
  103  14:16  Lurker  
  107  14:27  Baneling x2  
  107  14:28  Baneling  
  106  14:53  Spore Crawler  
  105  15:10  Spore Crawler  
  105  15:11  Spore Crawler, Hydralisk  
  105  15:12  Overlord x2  
  105  15:13  Overlord x2  
  105  15:17  Lurker  
  106  15:32  Drone  
  106  15:33  Drone x4  
  106  15:35  Hydralisk x3  
  113  15:42  Zerg Missile Weapons Level 1  
  117  15:49  Hydralisk  
  119  16:17  Hydralisk x4  
  119  16:18  Hydralisk  
  129  16:22  Lurker x4  
  129  16:24  Drone  
  134  16:30  Spore Crawler  
  133  16:34  Hydralisk  
  135  16:41  Zerg Ground Armor Level 2  
  82  17:22  Hydralisk  
  82  17:23  Hydralisk x7  
  82  17:24  Hydralisk  
  88  17:39  Hydralisk  
  88  17:40  Hydralisk x2  
  79  17:46  Hydralisk x2, Extractor  
  82  17:58  Hydralisk x2  
  84  18:05  Extractor  
  84  18:06  Hydralisk x2  
  87  18:16  Drone x2  
  87  18:17  Drone  
  90  18:30  Hydralisk x3  
  96  18:37  Zerg Missile Weapons Level 2  
  96  18:42  Drone x2  
  98  18:55  Zergling x10  
  103  19:11  Hydralisk x3  
  109  19:39  Hatchery  
  108  19:47  Hydralisk  
  108  19:48  Hydralisk x4  
  108  19:49  Hydralisk  
  120  19:54  Overlord  
  120  20:20  Infestation Pit  
  119  20:30  Hatchery  
  119  20:33  Hydralisk x4  
  126  20:53  Spore Crawler  
  126  20:56  Spore Crawler  
  124  20:58  Drone x6, Spore Crawler  
  129  21:11  Hydralisk x2  
  133  21:23  Infestor  
  133  21:24  Infestor x2  
  134  21:30  Drone x3  
  137  21:34  Spore Crawler  
  137  21:38  Drone, Spore Crawler  
  136  21:46  Hive  
  136  21:49  Overlord  
  136  21:53  Overlord  
  136  21:56  Overlord  
  136  22:05  Drone x3  
  139  22:11  Spore Crawler  
  139  22:15  Extractor  
  137  22:19  Drone, Extractor  
  137  22:20  Drone x3, Overlord  
  137  22:21  Drone  
  141  22:28  Infestor x2  
  145  22:31  Hydralisk  
  143  23:03  Hydralisk  
  143  23:04  Hydralisk  
  143  23:05  Viper x2  
  147  23:06  Viper  
  147  23:07  Viper  
  159  23:31  Drone x6  
  159  23:32  Drone x5  
  170  24:31  Overlord